 Dungeon Crawl Stone Soup version 0.30-a0-371-gad7725a93e (webtiles) character file.

Game seed: 11343116461137406109

226 bande the Chopper (level 5, -3/45 HPs)
             Began as a Demonspawn Fighter on Nov 21, 2022.
             Slain by Grinder (7 damage)
             ... while paralysed by Grinder
             ... on level 3 of the Dungeon.
             The game lasted 00:03:15 (1914 turns).

bande the Chopper (Demonspawn Fighter)              Turns: 1914, Time: 00:03:16

Health: -3/45      AC: 11    Str: 17    XL:     5   Next: 69%
Magic:  5/5        EV:  2    Int:  9    God:
Gold:   96         SH:  0    Dex: 14    Spells: 4/4 levels left

rFire   . . .      SeeInvis .    a - +0 war axe
rCold   + . .      Faith    .    c - +1 buckler
rNeg    . . .      Spirit   .    f - +0 plate armour
rPois   .          Reflect  .    (no helmet)
rElec   .          Harm     .    (no cloak)
rCorr   .          Rampage  .    (no gloves)
Will    .....                    (no boots)
Stlth   ..........               (no amulet)
HPRegen 0.27/turn                (no ring)
MPRegen 0.09/turn                (no ring)

@: paralysed
A: hooves 2, large bone plates 1, cold resistance 1, robust 1
a: no special abilities


You were on level 3 of the Dungeon.
You visited 1 branch of the dungeon, and saw 3 of its levels.

You collected 96 gold pieces.

Inventory:

Hand Weapons
 a - a +0 war axe (weapon)
Armour
 c - a +1 buckler (worn)
 f - a +0 plate armour (worn)
Jewellery
 b - a ring of magical power
 g - a +4 ring of protection
Potions
 d - 2 potions of might
 e - 2 potions of invisibility


   Skills:
 + Level 3.6 Fighting
 + Level 4.1 Axes
 + Level 3.6 Armour
 + Level 3.2 Shields


You had 4 spell levels left.
You didn't know any spells.
Your spell library was empty.

Dungeon Overview and Level Annotations

Branches:
Dungeon (3/15)

Altars:

Annotations:
D:3 Grinder


Innate Abilities, Weirdness & Mutations

You have hoof-like feet.
You are partially covered in large bone plates. (SH +4)
Your flesh is cold resistant. (rC+)
You are robust. (+10% HP)


Message History

You hit Grinder.
Grinder is lightly wounded.
You block Grinder's attack.
You hit Grinder. Your kick misses Grinder.
Grinder is moderately wounded.
Grinder hits you but does no damage.
You slash Grinder!
Grinder is heavily wounded.
Grinder hits you but does no damage.
You hit Grinder. You kick Grinder.
Grinder is heavily wounded.
Grinder gestures at you. Pain shoots through your body! Grinder hits you.
You closely miss Grinder. You kick Grinder.
Grinder is severely wounded.
Grinder gestures at you.
You suddenly lose the ability to move!
Grinder says, "FISH!"
Grinder hits you.
You writhe in agony.
Grinder hits you.
* * * LOW HITPOINT WARNING * * *
You writhe in agony.
* * * LOW HITPOINT WARNING * * *
You can move again.
You closely miss Grinder. You kick Grinder, but do no damage.
Grinder is severely wounded.
Grinder barely misses you.
You barely miss Grinder. You kick Grinder.
Grinder is severely wounded.
Grinder gestures at you.
You suddenly lose the ability to move!
Grinder gestures at you. Pain shoots through your body!
* * * LOW HITPOINT WARNING * * *
Grinder gestures at you.
You shrug off the repeated paralysis!
Grinder hits you.
* * * LOW HITPOINT WARNING * * *
Grinder hits you!
You die...

# .# #.# ###..#
#... ##
#####.###########.
#.....#...........
#@5.....##########
#....#### #....#
#....# #..<.#
#..).# #....#
######


You could see Grinder.

Vanquished Creatures
  A black bear (D:3)
  An orc wizard (D:3)
  6 adders
  2 worms
  A dart slug (D:2)
  4 orcs (D:3)
  A bat (D:2)
  3 endoplasms
  5 giant cockroaches
  5 goblins
  5 hobgoblins
  3 jackals (D:1)
  5 ball pythons
  2 frilled lizards (D:1)
  2 kobolds (D:2)
  9 rats
55 creatures vanquished.

Notes
Turn   | Place    | Note
-------+----------+-------------------------------------------
     0 | D:1      | bande the Demonspawn Fighter began the quest for the Orb.
     0 | D:1      | Reached XP level 1. HP: 18/18 MP: 1/1
   202 | D:1      | Gained mutation: You have large cloven feet. [demonic
                  | ancestry]
   202 | D:1      | Reached XP level 2. HP: 24/24 MP: 2/2
   330 | D:1      | Reached skill level 2 in Axes
   334 | D:1      | Gained mutation: You are robust. (+10% HP) [potion of
                  | mutation]
   334 | D:1      | Gained mutation: Your flesh is cold resistant. (rC+)
                  | [potion of mutation]
   703 | D:2      | Reached XP level 3. HP: 3/31 MP: 3/3
  1226 | D:2      | Reached skill level 3 in Axes
  1226 | D:2      | Gained mutation: You have hoof-like feet. [demonic
                  | ancestry]
  1226 | D:2      | Reached XP level 4. HP: 36/38 MP: 4/4
  1439 | D:2      | You fall into a shaft and drop 1 floor!
  1812 | D:3      | Noticed a black bear
  1818 | D:3      | Gained mutation: You are partially covered in large bone
                  | plates. (SH +4) [demonic ancestry]
  1818 | D:3      | Reached XP level 5. HP: 43/45 MP: 5/5
  1827 | D:3      | Killed a black bear
  1828 | D:3      | Reached skill level 4 in Axes
  1898 | D:3      | Noticed Grinder
  1907 | D:3      | Paralysed by Grinder for 3 turns
  1911 | D:3      | Paralysed by Grinder for 5 turns
  1914 | D:3      | Slain by Grinder

Illustrated notes

Levels and vault maps discovered:
D:1:      minmay_arrival_four_houses, layout_loops_ring, minmay_curled_crystal
D:2:      layout_basic, serial_rivers, chequers_serial_rivers_micro_a,
          chequers_serial_rivers_large_b, chequers_serial_rivers_large_a,
          chequers_serial_rivers_small_b, minmay_shallow_snake_nest
D:3:      layout_rooms, uniq_grinder, uniq_robin

Skill      XL: |  1  2  3  4  5 |
---------------+----------------+-----
Axes           | 2 3 4 |  4.1
Armour         | 3 |  3.6
Shields        | 3 |  3.2
Fighting       | |  3.6

Action                   |  1- 3 |  4- 6 || total
-------------------------+-------+-------++-------
Melee: War axe           |    87 |    49 ||   136
       Kick              |     8 |    14 ||    22
  Use: Scroll            |     4 |     2 ||     6
       Potion            |     1 |       ||     1
Armor: Scale mail        |     5 |       ||     5
       Chain mail        |    41 |    31 ||    72
       Plate armour      |       |     3 ||     3
Dodge: Dodged            |    26 |    21 ||    47
Block: Buckler           |    25 |    21 ||    46

Table legend: (Time is in decaauts)
 A = Elapsed time spent in this place.
 B = Non-inter-level travel time spent in this place.
 C = Inter-level travel time spent in this place.
 D = Time resting spent in this place.
 E = Time spent auto-exploring this place.
 F = Levels seen in this place.
 G = Mean time per level.
                   A        B        C        D        E       F      G
               +--------+--------+--------+--------+--------+-----+--------+
         Total |   1999 |   1986 |     13 |    365 |   1207 |   3 |  666.3 |
       Dungeon |   1999 |   1986 |     13 |    365 |   1207 |   3 |  666.3 |
               +--------+--------+--------+--------+--------+-----+--------+

Top non-repeatable levels by time:
     D:1: 817 daAuts
     D:2: 691 daAuts
     D:3: 489 daAuts
